 Dungeon Crawl Stone Soup version 0.26.1-2-gb8aa6d0cf2 (webtiles) character file.

Game seed: 17265983697432119825

2798 FishyPogo the Chiller (level 9, -10/68 HPs)
             Began as a Gnoll Wanderer on Mar 6, 2021.
             Was a Follower of Vehumet.
             Mangled by an orc warrior
             ... wielding a +0 hand axe
              (21 damage)
             ... on level 7 of the Dungeon on Mar 7, 2021.
             The game lasted 00:40:43 (7738 turns).

FishyPogo the Chiller (Gnoll Wanderer)              Turns: 7738, Time: 00:40:43

Health: -10/68     AC:  3    Str: 14    XL:     9   Next: 71%
Magic:  15/15      EV: 19    Int: 15    God:    Vehumet [*.....]
Gold:   366        SH:  0    Dex: 18    Spells: 7/17 levels left

rFire    . . .     SeeInvis .   D - +4 scimitar (freeze) (curse)
rCold    . . .     Faith    .   (no shield)
rNeg     + . .     Spirit   .   e - +0 robe
rPois    .         Reflect  .   (no helmet)
rElec    .         Harm     .   q - +0 cloak
rCorr    .         Rampage  .   (no gloves)
Will     +....     Rnd*Tele +   (no boots)
Stlth    +++.......             (no amulet)
HPRegen  0.21/turn              z - +4 ring of evasion
MPRegen  0.14/turn              y - ring of positive energy

@: no status effects
A: distributed training, fangs 1, hooves 1, blurry vision 1, strong-willed 1,
teleportitis 1, strong nose
a: Renounce Religion


You were on level 7 of the Dungeon.
You worshipped Vehumet.
Vehumet was aware of your devotion.
You visited 2 branches of the dungeon, and saw 8 of its levels.

You collected 366 gold pieces.

Inventory:

Hand Weapons
 a - a +3 shortbow
 b - a +1 mace of protection
 o - a +0 dagger of protection
 D - a cursed +4 scimitar of freezing (weapon)
Missiles
 g - 316 stones (quivered)
 j - 16 poisoned darts
 p - 14 boomerangs
 s - 68 arrows
 B - 7 curare-tipped darts
Armour
 e - a +0 robe (worn)
 q - a +0 cloak (worn)
 u - the +4 plate armour "Rulamobb" {*Contam Harm rF+++ Dex-3}
   (You found it on level 4 of the Dungeon)

   It affects your dexterity (-3).
   It renders you almost immune to fire.
   It causes magical contamination when unequipped.
   It increases damage dealt and taken.
Jewellery
 r - an uncursed ring of flight
 y - a ring of positive energy (right hand)
 z - a +4 ring of evasion (left hand)
Scrolls
 d - 7 scrolls of remove curse {unknown}
 f - 4 scrolls of immolation
 h - a scroll of magic mapping {unknown}
 l - a scroll of random uselessness {unknown}
 m - 2 scrolls of identify
 n - 4 scrolls of teleportation {unknown}
 t - 2 scrolls of blinking {unknown}
 v - a scroll of enchant weapon
 w - 2 scrolls of amnesia {unknown}
 x - 2 scrolls of fear {unknown}
Potions
 c - 2 potions of lignification
 i - 2 potions of curing
 k - 3 potions of resistance
 A - a potion of flight
 C - a potion of cancellation


   Skills:
 + Level 5.2 Fighting
 + Level 4.5 Short Blades
 + Level 4.5 Long Blades
 + Level 4.5 Axes
 + Level 4.5 Maces & Flails
 + Level 4.5 Polearms
 + Level 4.5 Staves
 + Level 4.5 Slings
 + Level 6.5 Bows
 + Level 4.5 Crossbows
 + Level 5.2 Throwing
 + Level 6.5 Armour
 + Level 4.5 Dodging
 + Level 4.5 Stealth
 + Level 4.5 Shields
 + Level 4.5 Unarmed Combat
 + Level 4.5 Spellcasting
 + Level 3.7 Conjurations
 + Level 3.7 Hexes
 + Level 3.7 Summonings
 + Level 3.7 Necromancy
 + Level 3.7 Translocations
 + Level 3.7 Transmutations
 + Level 3.7 Fire Magic
 + Level 6.7 Ice Magic
 + Level 3.7 Air Magic
 + Level 3.7 Earth Magic
 + Level 3.7 Poison Magic
 + Level 5.0 Invocations
 + Level 5.2 Evocations


You had 7 spell levels left.
You knew the following spells:

 Your Spells              Type           Power        Failure   Level
a - Magic Dart            Conj           56%          3%          1
b - Freeze                Ice            92%          1%          1
c - Tukima's Dance        Hex            14%          11%         3
k - Ensorcelled Hibernat  Hex/Ice        38%          3%          2
s - Frozen Ramparts       Ice            46%          3%          3

Your spell library contained the following spells:

 Spells                   Type           Power        Failure   Level
 Animate Skeleton         Necr           28%          3%          1
 Apportation              Tloc           28%          3%          1
 Corona                   Hex            15%          3%          1
 Summon Small Mammal      Summ           56%          3%          1
 Confusing Touch          Hex            14%          11%         3
 Dazzling Flash           Conj/Hex       28%          11%         3


Dungeon Overview and Level Annotations

Branches:
Dungeon (7/15)             Temple (1/1) D:6

Altars:
Ashenzari
Cheibriados
Dithmenos
Elyvilon
Fedhas
Hepliaklqana
Makhleb
Nemelex Xobeh
Okawaru
Qazlal
Ru
Sif Muna
Trog
Uskayaw
Vehumet
Wu Jian
Xom
Yredelemnul
Zin
The Shining One

Shops:
D:5 *


Innate Abilities, Weirdness & Mutations

Your experience applies equally to all skills.
You have very sharp teeth.
Your uncanny sense of smell can sniff out nearby items.
You have large cloven feet.
Scrolls take you a little longer to read.
You are strong-willed. (Will+)
You are occasionally teleported next to monsters.


Message History

You barely miss the orc warrior. Your kick misses the orc warrior.
The orc warrior is severely wounded.
The orc warrior hits you with a +0 hand axe!
Unknown command.
You hit the orc warrior. You freeze the orc warrior.
Your kick misses the orc warrior.
The orc warrior is almost dead.
The orc warrior hits you with a +0 hand axe!
* * * LOW HITPOINT WARNING * * *
Unknown command.
You hit the orc warrior but do no damage.
Your kick misses the orc warrior.
The orc warrior is almost dead.
The orc warrior hits you with a +0 hand axe.
* * * LOW HITPOINT WARNING * * *
Unknown command.
You hit the orc warrior but do no damage.
The orc warrior is almost dead.
The orc warrior hits you with a +0 hand axe!!
You die...

#.# #####.# ......#
#####.# ...>#.#
######### ....#.#
#...o.o..
......########)###
........##.....).#
....^...'......o@#
........##.......#
##.......+..........
###'##.###.......###
....##.# #.......#
.#####.# ########..
.......# .# ########
.


You could see an orc warrior.

Vanquished Creatures
  Sigmund (D:2)
  A wyvern (D:6)
  3 orc warriors (D:7)
  An ice beast (D:4)
  2 sky beasts (D:6)
  3 ogres
  A centaur (D:5)
  2 bullfrogs
  A water moccasin zombie (D:5)
  3 scorpions
  3 killer bees (D:7)
  5 wights (D:7)
  4 orc priests
  3 orc wizards
  A centaur skeleton (D:7)
  4 hounds
  A jelly (D:5)
  5 worker ants
  2 hound skeletons (D:4)
  A mummy (D:6)
  2 howler monkey zombies (D:5)
  12 gnolls
  6 adders
  A white imp (D:5)
  3 oozes
  2 ufetubi
  2 adder skeletons
  2 worms
  6 dart slugs
  2 leopard geckos
  23 orcs
  5 giant cockroaches
  6 goblins
  4 hobgoblins
  28 jackals
  5 quokkas
  A ball python (D:1)
  A ball python skeleton (D:4)
  5 bats
  2 frilled lizards
  12 kobolds
  A leopard gecko zombie (D:7)
  A quokka skeleton (D:7)
  5 rats
184 creatures vanquished.

Notes
Turn   | Place    | Note
-------+----------+-------------------------------------------
     0 | D:1      | FishyPogo the Gnoll Wanderer began the quest for the Orb.
     0 | D:1      | FishyPogo set off with the following items: a +2 shortbow,
                  | 28 arrows, a potion of lignification, a +0 robe; and the
                  | following spell memorised: Freeze; and the following spells
                  | available to memorise: Frozen Ramparts
     0 | D:1      | Reached XP level 1. HP: 17/17 MP: 1/1
   107 | D:1      | Reached XP level 2. HP: 23/23 MP: 2/2
   323 | D:1      | Reached XP level 3. HP: 28/28 MP: 3/3
   679 | D:2      | Reached skill level 1 in Invocations
   719 | D:2      | Reached skill level 1 in Short Blades
   719 | D:2      | Reached skill level 1 in Long Blades
   719 | D:2      | Reached skill level 1 in Axes
   719 | D:2      | Reached skill level 1 in Maces & Flails
   719 | D:2      | Reached skill level 1 in Polearms
   719 | D:2      | Reached skill level 1 in Staves
   719 | D:2      | Reached skill level 1 in Slings
   719 | D:2      | Reached skill level 1 in Crossbows
   719 | D:2      | Reached skill level 1 in Dodging
   719 | D:2      | Reached skill level 1 in Stealth
   719 | D:2      | Reached skill level 1 in Shields
   719 | D:2      | Reached skill level 1 in Unarmed Combat
   719 | D:2      | Reached skill level 1 in Spellcasting
   869 | D:2      | Reached XP level 4. HP: 32/34 MP: 5/5
   881 | D:2      | Noticed Sigmund
   897 | D:2      | Killed Sigmund
   898 | D:2      | Reached skill level 1 in Conjurations
   898 | D:2      | Reached skill level 1 in Hexes
   898 | D:2      | Reached skill level 1 in Summonings
   898 | D:2      | Reached skill level 1 in Necromancy
   898 | D:2      | Reached skill level 1 in Translocations
   898 | D:2      | Reached skill level 1 in Transmutations
   898 | D:2      | Reached skill level 1 in Fire Magic
   898 | D:2      | Reached skill level 1 in Air Magic
   898 | D:2      | Reached skill level 1 in Earth Magic
   898 | D:2      | Reached skill level 1 in Poison Magic
   898 | D:2      | Reached XP level 5. HP: 24/41 MP: 5/7
  1039 | D:2      | Found a shimmering blue altar of Sif Muna.
  1132 | D:2      | Reached XP level 6. HP: 47/47 MP: 8/8
  1173 | D:2      | Found an iron altar of Okawaru.
  1190 | D:2      | Gained mutation: You have large cloven feet. [potion of
                  | mutation]
  1190 | D:2      | Gained mutation: You are occasionally teleported next to
                  | monsters. [potion of mutation]
  1190 | D:2      | Gained mutation: Scrolls take you a little longer to read.
                  | [potion of mutation]
  1190 | D:2      | Gained mutation: You are strong-willed. (Will+) [potion of
                  | mutation]
  1487 | D:3      | Reached skill level 5 in Bows
  1487 | D:3      | Reached skill level 5 in Armour
  1576 | D:3      | Learned a level 3 spell: Frozen Ramparts
  2062 | D:3      | Found a hide-covered altar of Uskayaw.
  2391 | D:3      | Reached XP level 7. HP: 52/52 MP: 4/10
  2636 | D:4      | Got a spiked plate armour
  3157 | D:4      | Found a shimmering altar of Xom.
  3324 | D:5      | Entered Level 5 of the Dungeon
  3790 | D:5      | Reached XP level 8. HP: 49/60 MP: 8/12
  4136 | D:5      | Found Nyr Ocvy's Assorted Antiques.
  5081 | D:6      | Found a staircase to the Ecumenical Temple.
  5130 | Temple   | Entered the Ecumenical Temple
  5393 | Temple   | Became a worshipper of Vehumet
  5646 | D:6      | Found a snail-covered altar of Cheibriados.
  5718 | D:6      | Noticed a wyvern
  5728 | D:6      | Killed a wyvern
  5741 | D:6      | Learned a level 3 spell: Tukima's Dance
  5800 | D:6      | Reached XP level 9. HP: 66/66 MP: 10/14
  6152 | D:6      | Identified the +4 plate armour "Rulamobb" {*Contam Harm
                  | rF+++ Dex-3} (You found it on level 4 of the Dungeon)
  6658 | D:7      | Reached skill level 5 in Fighting
  6658 | D:7      | Reached skill level 5 in Throwing
  6658 | D:7      | Reached skill level 5 in Evocations
  6681 | D:7      | Reached * piety under Vehumet
  6681 | D:7      | Offered knowledge of Magic Dart by Vehumet.
  6684 | D:7      | Learned a level 1 spell: Magic Dart
  7237 | D:7      | HP: 1/68 [orc warrior/+0 glaive (19)]
  7242 | D:7      | Reached skill level 5 in Invocations
  7566 | D:7      | Learned a level 2 spell: Ensorcelled Hibernation
  7738 | D:7      | Mangled by an orc warrior

Illustrated notes

Levels and vault maps discovered:
D:1:      dpeg_arrival_tiny_b, layout_basic
D:2:      layout_loops_ring, old_standard_altar, general_overflow_altar,
          minmay_misc_feat_five, uniq_sigmund
D:3:      layout_loops_cross, eat_drink_and_be_merry_uskayaw,
          serial_bayou_pond_a
D:4:      minmay_skewed_foursquare, layout_rooms, xom_teletrap_fun
D:5:      layout_basic, serial_shops, nicolae_shop_behind_doors
D:6:      layout_rooms, slow_altar_2, minmay_temple_entry_proselytizer,
          st_stairs_14, minmay_three_doors
D:7:      layout_basic, minmay_circle_x
Temple:   regret_index_temple_waves

Skill      XL: |  1  2  3  4  5  6  7  8  9 |
---------------+----------------------------+-----
Invocations    | 1 2 3 4 5 |  5.0
Short Blades   | 1 2 3 4 |  4.5
Long Blades    | 1 2 3 4 |  4.5
Axes           | 1 2 3 4 |  4.5
Maces & Flails | 1 2 3 4 |  4.5
Polearms       | 1 2 3 4 |  4.5
Staves         | 1 2 3 4 |  4.5
Slings         | 1 2 3 4 |  4.5
Crossbows      | 1 2 3 4 |  4.5
Dodging        | 1 2 3 4 |  4.5
Stealth        | 1 2 3 4 |  4.5
Shields        | 1 2 3 4 |  4.5
Unarmed Combat | 1 2 3 4 |  4.5
Spellcasting   | 1 2 3 4 |  4.5
Fighting       | 3 4 5 |  5.2
Throwing       | 3 4 5 |  5.2
Conjurations   | 1 2 3 |  3.7
Hexes          | 1 2 3 |  3.7
Summonings     | 1 2 3 |  3.7
Necromancy     | 1 2 3 |  3.7
Translocations | 1 2 3 |  3.7
Transmutations | 1 2 3 |  3.7
Fire Magic     | 1 2 3 |  3.7
Air Magic      | 1 2 3 |  3.7
Earth Magic    | 1 2 3 |  3.7
Poison Magic   | 1 2 3 |  3.7
Evocations     | 3 4 5 |  5.2
Bows           | 5 6 |  6.5
Armour         | 5 6 |  6.5
Ice Magic      | 6 |  6.7

Action                   |  1- 3 |  4- 6 |  7- 9 || total
-------------------------+-------+-------+-------++-------
Melee: Dagger            |       |       |   203 ||   203
       Kick              |       |       |   106 ||   106
       Bite              |       |       |    41 ||    41
       Mace              |       |       |    30 ||    30
       Scimitar          |       |       |    92 ||    92
       Punch             |       |       |     4 ||     4
 Fire: Shortbow          |    55 |    54 |    57 ||   166
Throw: Stone             |       |       |     4 ||     4
 Cast: Freeze            |       |    23 |    58 ||    81
       Frozen Ramparts   |       |     2 |    16 ||    18
 Abil: Evoke Flight      |       |     1 |       ||     1
  Use: Scroll            |       |     4 |     1 ||     5
       Potion            |       |     3 |     5 ||     8
 Stab: Sleeping          |       |       |     7 ||     7
Armor: Robe              |       |     5 |    51 ||    56
       Plate armour      |       |       |    72 ||    72
Dodge: Dodged            |     2 |    29 |   207 ||   238
       Rpst.: Scimitar   |       |       |    16 ||    16
